 Dungeon Crawl Stone Soup version 0.29.1-14-g9c671dbff4 (webtiles) character file.

Game seed: 3543683043935382478

916 croobank the Covert (level 8, 0/54 HPs)
             Began as an Octopode Delver on Feb 15, 2023.
             Succumbed to a scorpion's poison
             ... on level 6 of the Dungeon.
             The game lasted 00:14:11 (7190 turns).

croobank the Covert (Octopode Delver)               Turns: 7190, Time: 00:14:11

Health: 0/54       AC:  1    Str: 13 (14) XL:     8   Next: 9%
Magic:  11/11      EV: 14    Int: 14 (16) God:
Gold:   238        SH:  5    Dex: 17 (18) Spells: 9/11 levels left

rFire   . . .      SeeInvis .   a - +0 hand axe
rCold   . . .      Faith    .   h - +0 buckler of the Candlemaker {Fly Str+3 Int+2 Dex+4}
rNeg    . . .      Spirit   .   (helmet restricted)
rPois   .          Reflect  .   (no amulet)
rElec   .          Harm     .   (no ring)
rCorr   .          Rampage  .   (no ring)
Will    .....                   (no ring)
Stlth   +++++.....              (no ring)
HPRegen 0.18/turn               (no ring)
MPRegen 0.12/turn               (no ring)
                                (no ring)
                                (no ring)

@: mighty, lethally poisoned (0 -> -2), on berserk cooldown, flying, slowed,
invisible, very slow
A: almost no armour, amphibious, 8 rings, camouflage 1, gelatinous body 1,
(nimble swimmer 1), tentacles
a: no special abilities


You were on level 6 of the Dungeon.
You visited 1 branch of the dungeon, and saw 6 of its levels.

You collected 238 gold pieces.

Inventory:

Hand Weapons
 a - a +0 hand axe (weapon)
 g - a +0 dagger
 n - a +0 war axe
 y - a +0 trident
 z - a +3 mace of holy wrath
Missiles
 c - 5 javelins
 j - 14 poisoned darts (quivered)
Armour
 h - the +0 buckler of the Candlemaker (worn) {Fly Str+3 Int+2 Dex+4}
   (You found it on level 3 of the Dungeon)

   Str:       It affects your strength (+3).
   Int:       It affects your intelligence (+2).
   Dex:       It affects your dexterity (+4).
   Fly:       It grants you flight.
Magical Staves
 d - a staff of cold
Wands
 f - a wand of digging (3)
 s - a wand of roots (9)
Scrolls
 b - a scroll of fog
 l - a scroll of blinking
 m - 2 scrolls of identify
 u - a scroll of teleportation {unknown}
Potions
 e - a potion of haste
 i - 2 potions of magic
 k - a potion of mutation
 p - a potion of cancellation
 q - a potion of brilliance


   Skills:
 + Level 4.4 Fighting
 + Level 3.8 Axes
 + Level 3.7 Dodging
 + Level 8.1 Stealth
 + Level 2.9 Shields
 + Level 2.2 Spellcasting
 + Level 2.7 Air Magic
 + Level 3.1 Poison Magic


You had 9 spell levels left.
You knew the following spells:

 Your Spells              Type           Power      Damage    Failure   Level
a - Poisonous Vapours     Pois/Air       18%        N/A       14%         2

Your spell library contained the following spells:

 Spells                   Type           Power      Damage    Failure   Level
 Swiftness                Air            9%         N/A       30%         3
 Mephitic Cloud           Conj/Pois/Air  7%         N/A       38%         3
 Ignite Poison            Fire/Tmut/Pois 4%         N/A       52%         3
 Freezing Cloud           Conj/Ice/Air   2%         6-21      99%         5
 Chain Lightning          Conj/Air       2%         3d3       100%        9


Dungeon Overview and Level Annotations

Branches:
Dungeon (6/15)
 Temple: D:4-7

Altars:
Ashenzari
Fedhas
Makhleb
Uskayaw
Wu Jian
Xom


Innate Abilities, Weirdness & Mutations

You cannot wear most types of armour.
You are amphibious.
You can wear up to eight rings at the same time.
Your skin changes colour to match your surroundings (Stealth+).
Your rubbery body absorbs attacks. (AC +1, EV +1)
((You are camouflaged when in or above water. (Stealth+)))
You have tentacles for arms and can constrict up to eight enemies at once.


Message History

It was a potion of cancellation.
Your magical effects are unravelling.
You feel magically purged.
You constrict the scorpion.
You kill the scorpion!
* * * LOW HITPOINT WARNING * * *
You feel very sick.
It was a potion of invisibility.
You fade into invisibility!
* * * LOW HITPOINT WARNING * * *
You feel very sick.
It was a potion of degeneration.
There was something very wrong with that liquid.
You feel weakened.
You feel dopey.
You feel clumsy.
* * * LOW HITPOINT WARNING * * *
You feel very sick.
It was a potion of berserk rage.
A red film seems to cover your vision as you go berserk!
You feel yourself moving faster!
You feel mighty!
* * * LOW HITPOINT WARNING * * *
You feel sick.
You are too berserk!
You are too berserk!
You are too berserk!
You feel a strong urge to attack something.
* * * LOW HITPOINT WARNING * * *
You feel sick.
* * * LOW HITPOINT WARNING * * *
You feel sick.
You feel your anger nearly subside.
You are no longer berserk.
You are exhausted.
You feel yourself slow down.
It was a potion of might.
You feel very mighty all of a sudden.
* * * LOW HITPOINT WARNING * * *
You feel sick.
Blink to where?
Press: ? - help, Dir - move target
As you read the scroll labelled GISASU NOMIO, it crumbles to dust.
It was a scroll of blinking.
You die...

#..................
##......(...........
#....>.............h .
##................... ..
#....................
...#.....#..............
.......ยง.##.............
.........##.........
.......@.#.........
...........#......
#.[........######
........#....
......###...... ......
...... .....# ..... ....#
.....


There were no monsters in sight!

Vanquished Creatures
  A water moccasin (D:5)
  A black bear (D:4)
  An ogre (D:5)
  A phantom (D:5)
  2 bullfrogs
  2 scorpions
  An orc priest (D:5)
  3 iguanas
  An orc wizard (D:5)
  A gnoll (D:1)
  6 adders
  A white imp (D:5)
  An ufetubus (D:5)
  3 worms
  3 dart slugs
  8 orcs
  3 bats
  6 endoplasms
  2 giant cockroaches (D:2)
  10 goblins
  4 hobgoblins
  A quokka (D:4)
  13 ball pythons
  A frilled lizard (D:3)
  6 kobolds
  4 rats
86 creatures vanquished.

Vanquished Creatures (collateral kills)
  2 orcs (D:5)
2 creatures vanquished.

Grand Total: 88 creatures vanquished

Notes
Turn   | Place    | Note
-------+----------+-------------------------------------------
     0 | D:5      | croobank the Octopode Delver began the quest for the Orb.
     0 | D:5      | Reached XP level 1. HP: 16/16 MP: 1/1
    21 | D:6      | Noticed a hound
    21 | D:6      | Noticed a bullfrog
    21 | D:6      | Noticed a bullfrog
   273 | D:5      | Noticed a water moccasin
   306 | D:5      | Noticed an ogre
   343 | D:4      | Reached XP level 2. HP: 10/21 MP: 2/2
   628 | D:4      | Noticed a scorpion
  1017 | D:4      | Got the Volume of Weather
  1037 | D:3      | Reached XP level 3. HP: 26/26 MP: 3/3
  1040 | D:3      | Learned a level 2 spell: Poisonous Vapours
  1075 | D:3      | Identified the +0 buckler of the Candlemaker {Fly Str+3
                  | Int+2 Dex+4}
  2071 | D:1      | Reached skill level 7 in Stealth
  2479 | D:1      | Found a faded altar of an unknown god.
  2619 | D:1      | Reached XP level 4. HP: 31/31 MP: 4/4
  3072 | D:2      | Identified the +0 leather armour "Qoempaeng" {Will- MP+9
                  | Int+2 Dex+4}
  3140 | D:2      | Reached skill level 1 in Shields
  3437 | D:2      | Reached skill level 1 in Poison Magic
  4520 | D:4      | Noticed a black bear
  4527 | D:4      | HP: 1/31 [black bear (4)]
  4533 | D:4      | Killed a black bear
  4534 | D:4      | Reached skill level 1 in Air Magic
  4534 | D:4      | Reached XP level 5. HP: 14/36 MP: 4/6
  4538 | D:4      | Reached skill level 1 in Spellcasting
  4538 | D:4      | Reached XP level 6. HP: 14/43 MP: 4/7
  4569 | D:4      | Found a hide-covered altar of Uskayaw.
  5683 | D:5      | Reached XP level 7. HP: 41/47 MP: 9/9
  5763 | D:5      | Found a burning altar of Makhleb.
  5763 | D:5      | Found an ornate altar of the Wu Jian Council.
  5771 | D:5      | Found a broken altar of Ashenzari.
  5773 | D:5      | Found a blossoming altar of Fedhas.
  5775 | D:5      | Found a faded altar of an unknown god.
  6257 | D:5      | Found a shimmering altar of Xom.
  7061 | D:5      | Reached skill level 8 in Stealth
  7171 | D:6      | Reached XP level 8. HP: 48/54 MP: 11/11
  7187 | D:6      | HP: 4/81 [poisoned by a scorpion]
  7189 | D:6      | HP: 1/54 [poisoned by a scorpion]
  7190 | D:6      | Succumbed to a scorpion's poison

Illustrated notes

Levels and vault maps discovered:
D:1:      dpeg_arrival_morbid_curiosity, layout_basic,
          hellmonk_ecumenical_altar_crossroads
D:2:      layout_loops_ring, serial_park_tiny_pond, uniq_crazy_yiuf_cottage
D:3:      layout_loops_corners, kennysheep_generic_room_15
D:4:      layout_basic, old_standard_altar
D:5:      layout_rooms, nicolae_overflow_crystal_walls,
          chequers_temple_overflow_minitemple
D:6:      layout_cave_pods, temple_fountains

Skill      XL: |  1  2  3  4  5  6  7 |
---------------+----------------------+-----
Stealth        | 7 8 |  8.1
Shields        | 1 2 |  2.9
Poison Magic   | 1 2 3 |  3.1
Axes           | 3 |  3.8
Air Magic      | 1 2 |  2.7
Spellcasting   | 1 2 |  2.2
Dodging        | 3 |  3.7
Fighting       | 4 |  4.4

Action                   |  1- 3 |  4- 6 |  7- 9 || total
-------------------------+-------+-------+-------++-------
Melee: Hand axe          |    59 |    79 |    44 ||   182
       Tentacles         |     9 |    25 |    16 ||    50
       Constrict         |    13 |    23 |    14 ||    50
       Punch             |     1 |     2 |     4 ||     7
       Mace              |       |     3 |       ||     3
       Dagger            |       |     1 |       ||     1
Evoke: Wand              |       |     3 |     1 ||     4
  Use: Potion            |     3 |     3 |     9 ||    15
       Scroll            |     2 |       |     5 ||     7
 Stab: Sleeping          |     8 |    12 |     3 ||    23
Armor: Skin              |       |     6 |     2 ||     8
Dodge: Dodged            |    30 |    52 |    22 ||   104
Block: Buckler           |       |     6 |    10 ||    16
